[Event "*** SCC Grand Prix: Titled Tuesday Blitz"]
[Site "Chess.com"]
[Date "2020.07.21"]
[Round "2"]
[White "mamey78"]
[Black "GukeshDommaraju"]
[Result "1-0"]
[WhiteElo "2498"]
[BlackElo "2708"]
[TimeControl "180+1"]
[EndTime "10:17:05 PDT"]
[Termination "mamey78 won by resignation"]

1. e4 c5 2. Nf3 Nc6 3. c3 Nf6 4.
e5 Nd5 5. d4 e6 6. Bc4 cxd4 7.
cxd4 d6 8. O-O Be7 9. Qe2 O-O 10. Nc3 dxe5 11. dxe5 Nxc3 12. bxc3 Bd7 13. Qe4 Qc7 14. Re1 Rfd8 15. Bd3 g6 16. Bg5 Be8 17. Rad1 Rd5 18.
c4 Ra5 19. Qh4 Rd8 20. Bf6 Bxf6 21. exf6 Rh5 22. Qg4 Nd4 23. h3 Nxf3+ 24. Qxf3 Bc6 25. Be4 Bxe4 26. Qxe4 Rf8 27. Rd3 Rf5 28. Rf3 Rxf3 29. Qxf3 Qxc4 30. Qxb7 Qxa2 31. Qf3 Qd5 32. Qf4 a5 33.
Qh6 1-0

[Event "*** SCC Grand Prix: Titled Tuesday Blitz"]
[Site "Chess.com"]
[Date "2020.07.21"]
[Round "2"]
[White "Ginger_GM"]
[Black "ItsCheckM8Mate"]
[Result "1-0"]
[WhiteElo "2585"]
[BlackElo "2284"]
[TimeControl "180+1"]
[EndTime "10:17:05 PDT"]
[Termination "Ginger_GM won by resignation"]

1. d4 Nf6 2. Nc3 d5 3. Bf4 c5 4.
e3 e6 5. Nb5 Na6 6. c3 Be7 7.
Nf3 O-O 8. a4 Nh5 9. Be5 f6 10. Bg3 Nxg3 11. hxg3 Nc7 12. Bd3 h6 13. Nh4 Nxb5 14. axb5 e5 15. Ng6 Re8 16. dxe5 fxe5 17. Nxe5 Bf6 18. Ng4 d4 19. Bg6 dxe3 20. Nxe3 Rf8 21. O-O Be6 22. Be4 Qb6 23. Bd5 Rad8 24. Qb3 Rfe8 25. Rad1 Bxd5 26. Nxd5 Qe6 27. Nxf6+ gxf6 28. Qxe6+ Rxe6 29. Rxd8+ 1-0

[Event "*** SCC Grand Prix: Titled Tuesday Blitz"]
[Site "Chess.com"]
[Date "2020.07.21"]
[Round "2"]
[White "ENEASZ"]
[Black "RaunakSadhwani2005"]
[Result "0-1"]
[WhiteElo "2593"]
[BlackElo "2994"]
[TimeControl "180+1"]
[EndTime "10:17:07 PDT"]
[Termination "RaunakSadhwani2005 won by resignation"]

1. e4 c6 2. d4 d5 3. exd5 cxd5 4. Bd3 Nf6 5. c3 Bg4 6. Nf3 e6 7. h3 Bh5 8. O-O Bd6 9. Re1 Nbd7 10. Bg5 Qc7 11. Nbd2 Bg6 12. Bxg6 hxg6 13. a3 O-O 14. Re2 b5 15. Ne1 a5 16. Nd3 b4 17.
cxb4 axb4 18. a4 Qb6 19. Nb3 Ne4 20. Be3 Rfc8 21. Rc2 Rc4 22. f3 Qc6 23. Rxc4 dxc4 24. fxe4 Qxe4 25. Qf3 Qxf3 26. gxf3 cxb3 27. a5 Ra6 28. Nc5 Bxc5 29. dxc5 Ne5 30. Bf4 Nd3 31. Bb8 Nxc5 0-1

[Event "*** SCC Grand Prix: Titled Tuesday Blitz"]
[Site "Chess.com"]
[Date "2020.07.21"]
[Round "2"]
[White "ambaixador"]
[Black "chargemax23"]
[Result "1-0"]
[WhiteElo "2324"]
[BlackElo "2614"]
[TimeControl "180+1"]
[EndTime "10:17:08 PDT"]
[Termination "ambaixador won by checkmate"]

1. Nf3 g6 2. c4 Bg7 3. g3 c6 4. Bg2 d5 5. Qb3 Nf6 6. O-O O-O 7. d4 a5 8. Nc3 a4 9. Nxa4 dxc4 10. Qd1 b5 11.
Nc5 Nd5 12. e4 Nb6 13. Be3 N8d7 14. Qc2 Nxc5 15. dxc5 Na4 16. Rad1 Qc7 17. e5 Bf5 18. Qc1 Be4 19. b3 Bxf3 20. Bxf3 Bxe5 21. bxa4 Rxa4 22. Bh6 Rfa8 23. Qe3 Rxa2 24. Bxc6 Rb8 25. Bd5 e6 26. Bg2 c3 27. c6 b4 28. Rd7 Qa5 29. Qf3 f5 30. c7 Re8 31. Qc6 Qa4 32. c8=Q Qxc6 33.
Qxe8# 1-0

[Event "*** SCC Grand Prix: Titled Tuesday Blitz"]
[Site "Chess.com"]
[Date "2020.07.21"]
[Round "2"]
[White "lacafi"]
[Black "MathiasWomacka"]
[Result "0-1"]
[WhiteElo "2228"]
[BlackElo "2446"]
[TimeControl "180+1"]
[EndTime "10:17:10 PDT"]
[Termination "MathiasWomacka won by resignation"]

1. d4 Nf6 2. Nf3 e6 3. e3 c5 4. Bd3 Nc6 5. Nbd2 d5 6. c3 Bd6 7. Qe2 O-O 8. dxc5 Bxc5 9. e4 Qc7 10. O-O b6 11. h3 Nh5 12. Nb3 Ng3 13. Qc2 Nxf1 14. exd5 exd5 15. Nxc5 bxc5 16. Bxh7+ Kh8 17. Kxf1 g6 18. Bxg6 fxg6 19. Qxg6 Bf5 20. Qh6+ Kg8 21. Bf4 Qd7 22. Bd6 Rf7 23. Ne5 Nxe5 24. Bxe5 Rh7 25. Qg5+ Kf8 26. Rd1 Re8 27. Qf6+ Qf7 28. Bd6+ Kg8 29.
Qxf7+ Rxf7 30. Rxd5 c4 31. Rc5 Bd3+ 32. Kg1 Re2 33.
Bg3 Rxb2 34. Rc8+ Kh7 35. Be5 Rxa2 0-1

[Event "*** SCC Grand Prix: Titled Tuesday Blitz"]
[Site "Chess.com"]
[Date "2020.07.21"]
[Round "2"]
[White "2346PL"]
[Black "BakaPG"]
[Result "0-1"]
[WhiteElo "2392"]
[BlackElo "2649"]
[TimeControl "180+1"]
[EndTime "10:17:11 PDT"]
[Termination "BakaPG won by resignation"]

1. d4 d5 2. Nf3 Nf6 3. c3 c6 4. Bg5 Bf5 5. Nbd2 Nbd7 6. e3 h6 7. Bh4 e6 8. Be2 Be7 9. O-O O-O 10. Ne5 Nxe5 11. dxe5 Nd7 12. Bg3 a5 13. Nf3 a4 14.
Nd4 Bh7 15. f4 Qb6 16. Qd2 c5 17. Nf3 c4 18. Bf2 Nc5 19. Nd4 a3 20. b4 cxb3 21.
axb3 Nxb3 22. Nxb3 Qxb3 23. Bd3 Bxd3 24. Qxd3 Rfc8 25. Rfb1 Qxc3 26. Qxc3 Rxc3 27. Rxb7 Bc5 28. Kf1 Bxe3 29. Bxe3 Rxe3 30. Ra2 Re4 31. g3 g5 32.
fxg5 hxg5 33. Kg2 Rxe5 34. Kh3 Kg7 35. Kg4 Kg6 36. h4 f5+ 37. Kh3 g4+ 38. Kg2 Re3 39. Kf2 Rf3+ 40. Kg2 Ra6 41. Rb8 Re3 42. Kf2 d4 43.
Rg8+ Kf7 44. Rg5 Rb3 45. h5 Rb2+ 46. Rxb2 axb2 47. h6 b1=Q 48. h7 0-1

[Event "*** SCC Grand Prix: Titled Tuesday Blitz"]
[Site "Chess.com"]
[Date "2020.07.21"]
[Round "2"]
[White "Larina_Marija"]
[Black "LuckSlayeer"]
[Result "0-1"]
[WhiteElo "2107"]
[BlackElo "2397"]
[TimeControl "180+1"]
[EndTime "10:17:11 PDT"]
[Termination "LuckSlayeer won on time"]

1. e4 c5 2. Nc3 Nc6 3. g3 g6 4. Bg2 Bg7 5. d3 d6 6. Be3 Nf6 7. Qd2 Nd4 8. Nd1 Ng4 9. c3 Nxe3 10. fxe3 Nc6 11. Nf3 O-O 12. O-O e5 13. Kh1 Be6 14.
c4 a6 15. Nc3 Rb8 16. a4 Qa5 17. Ng5 Bd7 18. Qf2 h6 19. Nf3 Nb4 20. Qd2 Qd8 21.
Nd5 Nxd5 22. cxd5 b5 23. axb5 axb5 24. Ra6 Bc8 25. Ra7 Qb6 26. Rfa1 Rb7 27. Ra8 Bg4 28. R8a6 Qc7 29. Rc6 Qb8 30. b4 Bd7 31. Rca6 c4 32. Bf1 Rc8 33. dxc4 bxc4 34. Rb1 c3 35. Qc2 Rxb4 36.
Rxb4 Qxb4 0-1

[Event "*** SCC Grand Prix: Titled Tuesday Blitz"]
[Site "Chess.com"]
[Date "2020.07.21"]
[Round "2"]
[White "Konavets"]
[Black "talaicito"]
[Result "1-0"]
[WhiteElo "3049"]
[BlackElo "2059"]
[TimeControl "180+1"]
[EndTime "10:17:12 PDT"]
[Termination "Konavets won on time"]

1. d4 e6 2. c4 f5 3. Nf3 Nf6 4. Nc3 Bb4 5. g3 O-O 6. Bg2 d6 7. O-O Bxc3 8. bxc3 Nc6 9. Qc2 e5 10. Rd1 Qe8 11. Ba3 e4 12. Ne1 f4 13. gxf4 e3 14.
Qd3 exf2+ 15. Kxf2 Ng4+ 16. Kg1 Rxf4 17. e4 Nf2 18. Qe3 Qf7 19. Nd3 Nxd1 20. Qxf4 Qxf4 21. Nxf4 Nxc3 22. Rc1 Na4 23. c5 dxc5 24. d5 Ne5 25. Bxc5 g5 26. Bd4 Ng4 27. Nd3 c6 28. h3 Nh6 29. d6 Be6 30. Rf1 Rf8 31. Rb1 b5 32. Rc1 Rc8 33. e5 Bd7 34. Bxa7 Nf7 35. Bd4 Nd8 36. Nb4 Ne6 37. Nxc6 1-0

[Event "*** SCC Grand Prix: Titled Tuesday Blitz"]
[Site "Chess.com"]
[Date "2020.07.21"]
[Round "2"]
[White "GjakanTati"]
[Black "checkmatequen"]
[Result "0-1"]
[WhiteElo "2529"]
[BlackElo "2293"]
[TimeControl "180+1"]
[EndTime "10:17:12 PDT"]
[Termination "checkmatequen won by resignation"]

1. e4 c5 2. Nf3 e6 3. d4 cxd4 4.
Nxd4 a6 5. Nc3 Qc7 6. Bd3 Nf6 7. O-O d6 8. Kh1 Be7 9. f4 O-O 10. a4 b6 11. Qf3 Bb7 12. Qh3 Nbd7 13. Be3 Nc5 14. e5 dxe5 15. fxe5 Qxe5 16. Bc4 Nce4 17. Rae1 Rac8 18. Bd3 g6 19. Nf3 Qf5 20. Nxe4 Bxe4 21. Qh6 Ng4 22. Bxe4 Qxe4 23. Qh3 Nxe3 24. Nd2 Qxg2+ 25.
Qxg2 Nxg2 26. Kxg2 Rxc2 27. Re2 Bb4 28. Rff2 Rxb2 29.
Ne4 Rxe2 30. Rxe2 Rc8 31. Nf6+ Kg7 32. Ng4 Rc4 33. Ne5 Rd4 34. Nc6 Rd2 35. Kf3 Rxe2 36. Kxe2 Bc5 37. Nb8 a5 38. Nc6 Kf6 0-1

[Event "*** SCC Grand Prix: Titled Tuesday Blitz"]
[Site "Chess.com"]
[Date "2020.07.21"]
[Round "2"]
[White "Chessbard1972"]
[Black "bazar-wokzal"]
[Result "1-0"]
[WhiteElo "2285"]
[BlackElo "2444"]
[TimeControl "180+1"]
[EndTime "10:17:12 PDT"]
[Termination "Chessbard1972 won by resignation"]

1. d4 Nf6 2. c4 Nc6 3. Nf3 e6 4.
a3 g6 5. g3 Bg7 6. Bg2 O-O 7.
O-O d6 8. b4 e5 9. Bb2 e4 10. Ng5 e3 11. f4 Re8 12. b5 Na5 13.
Qa4 c6 14. Bc3 b6 15. bxc6 Ba6 16. Bxa5 bxa5 17. Nc3 Ng4 18. Nb5 Qb6 19. h3 Nf2 20. Rab1 Bxb5 21. cxb5 Bxd4 22. Qc4 Re7 23. Bd5 Rf8 24. Kg2 Bc5 25. a4 Qd8 26. Ne4 Bb6 27. Nf6+ Kg7 28. Qc3 Kh6 29. g4 Re6 30. g5+ Kg7 31.
Nh5+ 1-0

[Event "*** SCC Grand Prix: Titled Tuesday Blitz"]
[Site "Chess.com"]
[Date "2020.07.21"]
[Round "2"]
[White "Bazarov04"]
[Black "Hikaru"]
[Result "0-1"]
[WhiteElo "2604"]
[BlackElo "3262"]
[TimeControl "180+1"]
[EndTime "10:17:13 PDT"]
[Termination "Hikaru won on time"]

1. e4 g6 2. d4 Bg7 3. Nc3 a6 4.
f4 c6 5. Nf3 d5 6. Be2 Bg4 7.
exd5 cxd5 8. Ne5 Bxe2 9. Qxe2 e6 10. O-O Ne7 11. Be3 Nbc6 12. Rad1 Rc8 13. Kh1 O-O 14.
Bg1 Nf5 15. Rd3 Nd6 16. Rh3 b5 17. Nd1 Qc7 18. Qe1 Ne7 19. c3 Ne4 20. Ne3 f6 21.
Nd3 Nf5 22. g4 Nfd6 23. Qh4 h6 24. f5 exf5 25. gxf5 g5 26. Qh5 Qf7 27. Qxf7+ Kxf7 28. Nxd5 Rfe8 29. Re3 Nc4 30. Re2 Ng3+ 31. hxg3 Rxe2 32. Nc5 Rxb2 33. a3 Nxa3 34. Ne6 Rb1 35.
Rf2 Nc4 36. Ra2 a5 37. Ndc7 a4 38. d5 a3 39. g4 Rb2 40. Ra1 a2 41. d6 Nxd6 0-1

[Event "*** SCC Grand Prix: Titled Tuesday Blitz"]
[Site "Chess.com"]
[Date "2020.07.21"]
[Round "2"]
[White "keshka01"]
[Black "sergiochess83"]
[Result "0-1"]
[WhiteElo "2561"]
[BlackElo "2846"]
[TimeControl "180+1"]
[EndTime "10:17:13 PDT"]
[Termination "sergiochess83 won by resignation"]

1. e4 c6 2. Nf3 d5 3. d3 Bg4 4. h3 Bh5 5. Nbd2 e6 6. g4 Bg6 7. Ne5 Bd6 8. Nxg6 hxg6 9. Bg2 Nd7 10. c3 Ne7 11. O-O Bf4 12. d4 g5 13. Nf3 Ng6 14.
e5 f6 15. exf6 gxf6 16. Re1 Kf7 17. Qc2 Bxc1 18. Raxc1 Nf4 19. Nh2 Nf8 20. Re3 N8g6 21. Bf1 Qd6 22. Rce1 Rh6 23. Rg3 Rah8 24. Ree3 Ne7 25.
Nf3 b6 26. Ne1 c5 27. Nd3 c4 28. Nc1 b5 29. a3 a5 30. Rgf3 Rh4 31. Ne2 Rxg4+ 32.
Ng3 Rgh4 33. Qd1 Nxh3+ 34. Bxh3 Rxh3 35. Qe1 Ng6 36. Kf1 Rh1+ 0-1

[Event "*** SCC Grand Prix: Titled Tuesday Blitz"]
[Site "Chess.com"]
[Date "2020.07.21"]
[Round "2"]
[White "TST2014"]
[Black "Alexander_Moskalenko"]
[Result "0-1"]
[WhiteElo "2513"]
[BlackElo "2775"]
[TimeControl "180+1"]
[EndTime "10:17:14 PDT"]
[Termination "Alexander_Moskalenko won by checkmate"]

1. d4 d6 2. Nf3 Nf6 3. c4 g6 4. Nc3 Bg7 5. e4 O-O 6. Be2 Bg4 7. Be3 Nfd7 8. Ng1 Bxe2 9. Ngxe2 c5 10. d5 Re8 11. O-O Na6 12. Qc2 Nc7 13. h4 e6 14. h5 exd5 15. exd5 Qh4 16. hxg6 hxg6 17. g3 Qxc4 18. Nf4 Bxc3 19. Qxc3 Qxc3 20. bxc3 Ne5 21.
a4 Nc4 22. Bc1 Re5 23. Rd1 Rae8 24. Kf1 Kg7 25. Ra2 g5 26. Nh3 f6 27. f4 Rxd5 28. Rxd5 Nxd5 29. fxg5 Nxc3 30. Rc2 Ne3+ 31. Bxe3 Rxe3 32.
gxf6+ Kxf6 33. Nf4 Ke5 34. a5 Rxg3 35. Ng2 d5 36. Rb2 Rg7 37. Ne3 d4 38. Nc4+ Kd5 39. Nd2 Re7 40. Nf3 Rf7 41. Kg2 c4 42. Rb4 d3 43.
Nd2 Rc7 44. Kf3 Rf7+ 45. Ke3 Nd1# 0-1

[Event "*** SCC Grand Prix: Titled Tuesday Blitz"]
[Site "Chess.com"]
[Date "2020.07.21"]
[Round "2"]
[White "qingaunlee"]
[Black "Sn00pPawn"]
[Result "1-0"]
[WhiteElo "2347"]
[BlackElo "1784"]
[TimeControl "180+1"]
[EndTime "10:17:14 PDT"]
[Termination "qingaunlee won on time"]

1. e4 c5 2. Nf3 d6 3. d4 cxd4 4. Nxd4 Nf6 5. Nc3 a6 6. Bg5 e6 7. f4 Qb6 8. Nb3 Be7 9. Qf3 Nbd7 10. O-O-O h6 11. Bh4 Qc7 12. Bd3 g5 13. fxg5 Ne5 14.
Qe2 Nfg4 15. h3 hxg5 16. Bg3 Nf6 17. Bxe5 dxe5 18. Rhf1 Bd7 19. Qe3 g4 20. hxg4 Nxg4 21. Qf3 Nf6 22. g4 O-O-O 23. Kb1 Rdg8 24. Rg1 Be8 25.
Be2 Nh7 26. Qe3 Ng5 27. Rg3 Rh2 28. Bf1 Kb8 29. Qg1 Rgh8 30. Bg2 Bc6 31. Qe1 Bb4 32.
Nd2 Bxc3 33. bxc3 Ba4 34. Nb3 Rc8 35. Qg1 Rhh8 36. Rgd3 Rhd8 37. Qe3 1-0

[Event "*** SCC Grand Prix: Titled Tuesday Blitz"]
[Site "Chess.com"]
[Date "2020.07.21"]
[Round "2"]
[White "BlackBoarder"]
[Black "mishanick"]
[Result "0-1"]
[WhiteElo "2576"]
[BlackElo "2907"]
[TimeControl "180+1"]
[EndTime "10:17:15 PDT"]
[Termination "mishanick won on time"]

1. e4 c5 2. c3 Nf6 3. e5 Nd5 4. d4 cxd4 5. cxd4 d6 6. Nf3 Nc6 7.
Bc4 dxe5 8. dxe5 Ndb4 9. Qb3 e6 10. O-O Na5 11. Bb5+ Bd7 12. Qa4 Bxb5 13. Qxb5+ Nac6 14.
Nc3 a6 15. Qc4 Qd3 16. Qg4 h5 17. Qg5 Qf5 18. Qxf5 exf5 19. Bg5 Bc5 20. Rad1 O-O 21. a3 Nc2 22. Nd5 Rae8 23. Rc1 N2d4 24. Rxc5 Nxf3+ 25. gxf3 Rxe5 26. Bf4 Re2 27. b4 Rd8 28. Nc3 Rb2 29. b5 Nd4 30. bxa6 bxa6 31. Kg2 Ne6 32. Rc4 Rc2 33.
Be5 f6 0-1

[Event "*** SCC Grand Prix: Titled Tuesday Blitz"]
[Site "Chess.com"]
[Date "2020.07.21"]
[Round "2"]
[White "GregShahade"]
[Black "Jaka_Brilej"]
[Result "1-0"]
[WhiteElo "2705"]
[BlackElo "2356"]
[TimeControl "180+1"]
[EndTime "10:17:16 PDT"]
[Termination "GregShahade won on time"]

1. e4 c5 2. Nf3 Nc6 3. d4 cxd4 4. Nxd4 Nf6 5. Nc3 e5 6. Ndb5 d6 7. Bg5 a6 8. Na3 b5 9. Nd5 Be7 10. Bxf6 Bxf6 11. c4 b4 12. Nc2 O-O 13. g3 Bg5 14. Bg2 Rb8 15. b3 a5 16. O-O Be6 17. f4 Bh6 18.
Kh1 Bxd5 19. Qxd5 Ne7 20. Qd3 Qb6 21. Rad1 Rbd8 22. Ne3 exf4 23. gxf4 Ng6 24. Nd5 Qc5 25. Qg3 f5 26. exf5 Rxf5 27. Be4 Rf7 28. Bxg6 hxg6 29.
Qxg6 Rdf8 30. f5 a4 31. Rd3 axb3 32. axb3 Qc8 33. Rh3 Kh8 34. Rh5 Qe8 35. Rh4 Qd8 36.
f6 Kg8 37. Rxh6 1-0

[Event "*** SCC Grand Prix: Titled Tuesday Blitz"]
[Site "Chess.com"]
[Date "2020.07.21"]
[Round "2"]
[White "Flopezin"]
[Black "petincash"]
[Result "1-0"]
[WhiteElo "2108"]
[BlackElo "2348"]
[TimeControl "180+1"]
[EndTime "10:17:16 PDT"]
[Termination "Flopezin won on time"]

1. c4 e5 2. Nc3 Nf6 3. Nf3 Nc6 4.
e4 d6 5. d4 exd4 6. Nxd4 g6 7.
Be2 Nxd4 8. Qxd4 Bg7 9. Be3 O-O 10. Qd1 Re8 11. f3 Nh5 12. Qd2 f5 13. O-O-O fxe4 14. Nxe4 Nf6 15. Bd3 Bf5 16. Nf2 Qd7 17. Rhe1 Re7 18. g4 Bxd3 19. Nxd3 Rae8 20. Bd4 Qc6 21. Qc3 Rxe1 22. Rxe1 Rxe1+ 23. Nxe1 Ne8 24. Nc2 Kf7 25.
b3 b6 26. Qe3 Qd7 27. Bxg7 Nxg7 28. Qe4 c6 29. Ne3 1-0

[Event "*** SCC Grand Prix: Titled Tuesday Blitz"]
[Site "Chess.com"]
[Date "2020.07.21"]
[Round "2"]
[White "hermionegrangermagic"]
[Black "Gloomy_Wanderer"]
[Result "0-1"]
[WhiteElo "2473"]
[BlackElo "2703"]
[TimeControl "180+1"]
[EndTime "10:17:18 PDT"]
[Termination "Gloomy_Wanderer won on time"]

1. e4 c5 2. Nf3 a6 3. c3 d5 4. exd5 Qxd5 5. d4 Bg4 6. Be2 Nf6 7. Be3 cxd4 8. cxd4 e6 9. Nc3 Qd6 10. O-O Nc6 11. Qd2 Be7 12. Bf4 Qd8 13. Rad1 Nb4 14.
h3 Bh5 15. g4 Bg6 16. Ne5 Nbd5 17. Bg3 Rc8 18. Bc4 b5 19. Bb3 Nxc3 20. bxc3 Ne4 21. Qe1 Nxc3 22. Nxg6 hxg6 23. Rd3 Nd5 24. Be5 O-O 25.
Qe4 Nc3 26. Qf3 b4 27. d5 Nxd5 28. Bxd5 exd5 29. Rxd5 Qb6 30. Rd7 Bf6 31. Bxf6 Qxf6 32. Qxf6 gxf6 33. Rd6 a5 34. Rxf6 Rc2 35. Ra1 Rd8 36. Ra6 Rdd2 37. Rxa5 Rxf2 38. Rb5 Rg2+ 39.
Kh1 Rh2+ 40. Kg1 Rcg2+ 41. Kf1 Rb2 42. Kg1 Rxh3 43. Rc1 Rg3+ 44. Kh1 Rxg4 45. Rf1 Rh4+ 46. Kg1 Rhh2 47. Rf6 Rxa2 48. Rxb4 Rhe2 0-1

[Event "*** SCC Grand Prix: Titled Tuesday Blitz"]
[Site "Chess.com"]
[Date "2020.07.21"]
[Round "2"]
[White "wonderfultime"]
[Black "blitzking1729"]
[Result "1-0"]
[WhiteElo "2976"]
[BlackElo "2591"]
[TimeControl "180+1"]
[EndTime "10:17:19 PDT"]
[Termination "wonderfultime won by resignation"]

1. d4 d5 2. Nf3 Nf6 3. Bf4 c5 4. c3 Nc6 5. e3 Qb6 6. Qc2 g6 7. Nbd2 Bf5 8. dxc5 Qxc5 9. Qb3 Bg7 10. Qxb7 O-O 11. Nb3 Qb6 12. Qxb6 axb6 13. Be2 Ne4 14. O-O e5 15. Bg3 Be6 16. Rfd1 Nxg3 17. hxg3 h6 18. Bb5 Rfc8 19. Ne1 d4 20. Bxc6 Rxc6 21. exd4 Bxb3 22. axb3 Rxa1 23. Rxa1 exd4 24. c4 b5 25. Rc1 bxc4 26.
bxc4 Bf8 27. Nd3 Rb6 28. c5 Rb3 29. c6 Bd6 30. Nc5 Rxb2 31. Ne4 Bc7 32. Nf6+ Kf8 33. Nd5 d3 34. Nxc7 Rc2 35. Rd1 Rxc6 36. Nd5 Rd6 37. Nb4 d2 38. Kf1 Rb6 39. Nd3 Rb3 40. Rxd2 Rb1+ 41. Ke2 Kg7 42. Rb2 Rg1 43. Kf3 Rd1 44.
Nf4 g5 45. Nh5+ Kg6 46. g4 f5 47. Rb6+ Kf7 48. gxf5 Rd3+ 49. Ke4 1-0

[Event "*** SCC Grand Prix: Titled Tuesday Blitz"]
[Site "Chess.com"]
[Date "2020.07.21"]
[Round "2"]
[White "awesomevishesh"]
[Black "vanea_03"]
[Result "0-1"]
[WhiteElo "2325"]
[BlackElo "2703"]
[TimeControl "180+1"]
[EndTime "10:17:19 PDT"]
[Termination "vanea_03 won on time"]

1. e4 e5 2. Nf3 Nc6 3. Bb5 a6 4. Ba4 Nf6 5. O-O Bc5 6. d3 d6 7.
c3 b5 8. Bc2 h6 9. d4 Bb6 10.
a4 Rb8 11. h3 O-O 12. Be3 Re8 13. Nbd2 exd4 14. Nxd4 Bb7 15. axb5 axb5 16. Nxc6 Bxc6 17.
Bxb6 Rxb6 18. Re1 Rb8 19. Ra6 Bb7 20. Ra7 Qc8 21. Qa1 Ra8 22. Rxa8 Qxa8 23. f3 Qb8 24. Qa5 Bc6 25. Nb3 Bd7 26. Ra1 Nh5 27. Nd4 Nf4 28. Qa7 Qd8 29. Kf2 Qg5 30. g3 Nxh3+ 31.
Kg2 Qd2+ 32. Kh1 Qf2 0-1

[Event "*** SCC Grand Prix: Titled Tuesday Blitz"]
[Site "Chess.com"]
[Date "2020.07.21"]
[Round "2"]
[White "PattyCastillo"]
[Black "Bastiandash"]
[Result "0-1"]
[WhiteElo "1954"]
[BlackElo "2359"]
[TimeControl "180+1"]
[EndTime "10:17:19 PDT"]
[Termination "Bastiandash won on time"]

1. d4 Nf6 2. Nf3 e6 3. e3 c5 4. Bd3 d5 5. b3 Nc6 6. Bb2 Bd6 7. O-O Qc7 8. a3 b6 9. Nbd2 Bb7 10. c4 O-O 11. Rc1 e5 12. cxd5 Nxd5 13. dxc5 bxc5 14.
Nc4 Rad8 15. Nxd6 Qxd6 16. Qc2 g6 17. Rfd1 Qe6 18. Qxc5 Nf6 19. b4 Nd7 20. Qb5 Nb6 21.
Nxe5 Rd5 22. Rxc6 Bxc6 23. Qxc6 Rxe5 24. Qxe6 Rxe6 25. Bd4 Rc8 26. Kf1 Rec6 27. Be4 Rc1 28. Ke2 Rxd1 29. Kxd1 Nc4 30. Bxa7 Nxa3 31. Bc5 Nc4 32. Bb7 Rc7 33. Bd5 Ne5 34. e4 Nd7 35. Bd6 Ra7 36. e5 Nb6 0-1

[Event "*** SCC Grand Prix: Titled Tuesday Blitz"]
[Site "Chess.com"]
[Date "2020.07.21"]
[Round "2"]
[White "Harsha_Bharathakoti"]
[Black "Anna_ChessMate"]
[Result "1-0"]
[WhiteElo "2757"]
[BlackElo "2505"]
[TimeControl "180+1"]
[EndTime "10:17:20 PDT"]
[Termination "Harsha_Bharathakoti won on time"]

1. d4 d5 2. c4 c6 3. Nf3 Nf6 4. Nc3 dxc4 5. e4 b5 6. Be2 e6 7. O-O Be7 8. b3 cxb3 9. Qxb3 O-O 10. e5 Nd5 11. Ne4 a5 12. a4 b4 13. Rd1 Ba6 14. Bd3 Bxd3 15. Rxd3 Nd7 16. Nfg5 h6 17. Nh3 c5 18. Rg3 Kh8 19. Qf3 Bh4 20. Rxg7 Kxg7 21. Qg4+ Kh7 22. Qh5 f5 23. Nhg5+ Bxg5 24. Nxg5+ Qxg5 25. Bxg5 1-0

[Event "*** SCC Grand Prix: Titled Tuesday Blitz"]
[Site "Chess.com"]
[Date "2020.07.21"]
[Round "2"]
[White "talman67"]
[Black "alexrustemov"]
[Result "1-0"]
[WhiteElo "2491"]
[BlackElo "2698"]
[TimeControl "180+1"]
[EndTime "10:17:20 PDT"]
[Termination "talman67 won by checkmate"]

1. e4 e6 2. d4 d5 3. Nc3 Bb4 4. e5 c5 5. a3 Bxc3+ 6. bxc3 Ne7 7. Qg4 O-O 8. Bd3 Qa5 9. Bd2 Nbc6 10. Qh5 h6 11.
Nf3 c4 12. Be2 f6 13. exf6 Rxf6 14. O-O Bd7 15. Rfe1 Be8 16. Qh3 Bg6 17. Ne5 Bxc2 18. Nd7 Bf5 19. Nxf6+ gxf6 20. Qxh6 Rf8 21. Bh5 Rf7 22. Bxf7+ Kxf7 23. Re3 Nxd4 24. Qh8 Bg6 25. Rae1 e5 26. h4 Nc2 27. Rf3 Qb6 28. Rxe5 Qd6 29.
Bg5 Nf5 30. Rfxf5 Bxf5 31. Qe8+ Kg7 32. Re7+ Qxe7 33. Qxe7+ Kg6 34. Qxf6+ Kh5 35. f3 Ne3 36. Qh6# 1-0

[Event "*** SCC Grand Prix: Titled Tuesday Blitz"]
[Site "Chess.com"]
[Date "2020.07.21"]
[Round "2"]
[White "Chessmatus"]
[Black "cukin84"]
[Result "1-0"]
[WhiteElo "2419"]
[BlackElo "2169"]
[TimeControl "180+1"]
[EndTime "10:17:20 PDT"]
[Termination "Chessmatus won by checkmate"]

1. e4 c6 2. d4 d5 3. e5 c5 4.
dxc5 e6 5. Nf3 Bxc5 6. a3 Nc6 7. b4 Bb6 8. Bb2 Nge7 9. Nbd2 Ng6 10. Nb3 Bc7 11.
Bb5 Bd7 12. O-O Ncxe5 13. Bxd7+ Qxd7 14. Nc5 Qc8 15. Nxe5 Bxe5 16. Bxe5 Nxe5 17. Re1 Ng6 18. Qxd5 O-O 19. Qxb7 Qd8 20. Rad1 Qg5 21. Rd3 a5 22. Qe4 axb4 23. axb4 h5 24. g3 Rfb8 25. h4 Qf6 26. Rf3 Qb2 27. c3 Ra1 28. Rxa1 Qxa1+ 29. Kg2 Nf8 30.
Qf4 Qa7 31. Qg5 g6 32. Ne4 Nh7 33. Qe5 Rc8 34. Rd3 Qc7 35. Qxc7 Rxc7 36. b5 Rb7 37.
c4 Kg7 38. Nd6 Rc7 39. b6 Rd7 40. c5 Rd8 41. c6 Nf6 42. c7 Ra8 43. b7 Ra4 44.
b8=Q Nd5 45. c8=Q Nf4+ 46. gxf4 Kf6 47. Qe8 Rxf4 48. Qxf7+ Ke5 49. Qb5# 1-0

[Event "*** SCC Grand Prix: Titled Tuesday Blitz"]
[Site "Chess.com"]
[Date "2020.07.21"]
[Round "2"]
[White "Gareth-Bale11"]
[Black "alexsergeyev"]
[Result "1-0"]
[WhiteElo "2704"]
[BlackElo "2358"]
[TimeControl "180+1"]
[EndTime "10:17:21 PDT"]
[Termination "Gareth-Bale11 won on time"]

1. e4 e5 2. Nf3 Nf6 3. Nc3 Bb4 4. Nxe5 O-O 5. Be2 Re8 6. Nd3 Bxc3 7. dxc3 Nxe4 8.
O-O Nc6 9. Bf4 d6 10. Re1 Bf5 11. f3 Nc5 12. Qd2 a5 13. Bf1 Nxd3 14. cxd3 h6 15. d4 Qf6 16. Be3 Qg6 17. Bf2 Qg5 18. Be3 Qg6 19. a4 Kf8 20. Ra3 Re7 21. Bf2 Rxe1 22.
Bxe1 Rd8 23. h4 b6 24. Ra1 Ne7 25. Bf2 Nd5 26. Bc4 Nf6 27. Re1 d5 28. Bf1 Nh5 29.
Re5 Nf6 30. Qf4 Be6 31. Re3 Rd7 32. Bd3 1-0

[Event "*** SCC Grand Prix: Titled Tuesday Blitz"]
[Site "Chess.com"]
[Date "2020.07.21"]
[Round "2"]
[White "fabianvivasz"]
[Black "Harry_Rakkel"]
[Result "1-0"]
[WhiteElo "2294"]
[BlackElo "2539"]
[TimeControl "180+1"]
[EndTime "10:17:21 PDT"]
[Termination "fabianvivasz won by checkmate"]

1. e4 c5 2. Nf3 d6 3. d4 cxd4 4. Nxd4 Nf6 5. Nc3 a6 6. Bg5 e6 7. f4 Be7 8. Qf3 Qc7 9. O-O-O Nbd7 10. Be2 O-O 11. g4 b5 12. Bxf6 Bxf6 13. g5 Bxd4 14.
Rxd4 Rb8 15. Rhd1 b4 16. Na4 Nc5 17. Nxc5 dxc5 18. Rd6 c4 19. Qe3 Qa5 20. Kb1 c3 21. Qa7 Bb7 22. Rb6 cxb2 23. Rxb7 Rbc8 24. Qb6 Qa4 25.
Bd3 a5 26. Ra7 b3 27. Qxb3 Qd4 28. Rxa5 Qf2 29. f5 exf5 30. exf5 Qf3 31. Rf1 Qg2 32.
f6 g6 33. Ra7 Rcd8 34. a4 Qxg5 35. a5 Qc5 36. Qb6 Qa3 37. Qxb2 Rb8 38. Rb7 Rxb7 39. Qxb7 Qxa5 40. Bc4 Qe5 41. Rd1 Qxh2 42. Qxf7+ Rxf7 43. Rd8# 1-0

[Event "*** SCC Grand Prix: Titled Tuesday Blitz"]
[Site "Chess.com"]
[Date "2020.07.21"]
[Round "2"]
[White "jaskol95"]
[Black "Zarinur"]
[Result "1-0"]
[WhiteElo "2400"]
[BlackElo "2109"]
[TimeControl "180+1"]
[EndTime "10:17:22 PDT"]
[Termination "jaskol95 won by resignation"]

1. d4 Nf6 2. c4 e6 3. Nf3 d5 4. Nc3 a6 5. cxd5 exd5 6. Bf4 Bd6 7. Bg3 Bxg3 8. hxg3 h6 9. e3 Be6 10. Bd3 Nbd7 11. Ne5 Nxe5 12. dxe5 Ng4 13. Qa4+ c6 14.
Be2 Nxe5 15. Qd4 Qf6 16. O-O-O Nd7 17. Qb4 Rb8 18. e4 c5 19. Qa4 d4 20. Nd5 Bxd5 21. exd5 b5 22. Qc2 O-O 23. f4 c4 24. Bf3 d3 25. Qc3 Qxc3+ 26. bxc3 Nf6 27. g4 Rfd8 28. g5 hxg5 29. fxg5 Nxd5 30. Rh4 Nxc3 31. Rdh1 f6 32. g6 Kf8 33. Re1 Ne2+ 34. Bxe2 dxe2 35. Rxe2 Kg8 36. g3 f5 37. Reh2 Kf8 38. Re2 Kg8 39.
Rh7 Rd6 40. Reh2 Rxg6 41. Rh8+ Kf7 42. Rxb8 Rxg3 43. Rb7+ Kf6 44. Rb6+ Ke5 45. Rxa6 Kd4 46. Rd2+ Kc3 47. Ra3+ Kb4 48. Rxg3 1-0